 Dungeon Crawl Stone Soup version 0.30.1-3-gfc49f6343a (webtiles) character file.

Game seed: 6622555436863164860

786 spardeous the Conjurer (level 7, -4/50 HPs)
             Began as a Demigod Conjurer on Aug 2, 2023.
             Slain by an iguana (13 damage)
             ... on level 5 of the Dungeon.
             The game lasted 00:05:20 (5265 turns).

spardeous the Conjurer (Demigod Conjurer)           Turns: 5265, Time: 00:05:20

Health: -4/50      AC:  5    Str:  8    XL:     7   Next: 30%
Magic:  12/18      EV: 10    Int: 28    God:
Gold:   258        SH:  0    Dex: 12    Spells: 9/16 levels left

rFire   . . .        (no weapon)
rCold   . . .        (no shield)
rNeg    . . .        j - +0 ring mail {rPois}
rPois   +            (no helmet)
rElec   .            i - scarf {repulsion}
rCorr   .            (no gloves)
SInv    .            (no boots)
Will    .....        (no amulet)
Stlth   +            (no ring)
HPRegen 0.28/turn    (no ring)
MPRegen 0.16/turn

%: repel missiles
@: no status effects
A: high MP 1, forlorn, divine attributes
a: no special abilities


You were on level 5 of the Dungeon.
You visited 1 branch of the dungeon, and saw 5 of its levels.

You collected 258 gold pieces.

Inventory:

Missiles
 s - 3 throwing nets
Armour
 a - a +0 robe
 i - a scarf of repulsion (worn)
 j - a +0 ring mail of poison resistance (worn)
Wands
 t - a wand of mindburst (7)
 x - a wand of roots (7)
Scrolls
 c - a scroll of blinking {unknown}
 e - 3 scrolls of noise {unknown}
 f - 2 scrolls of enchant armour {unknown}
 h - 2 scrolls of acquirement {unknown}
 l - a scroll of fear {unknown}
 o - a scroll of fog {unknown}
 q - 3 scrolls of poison {unknown}
 u - a scroll of torment {unknown}
 v - a scroll of magic mapping {unknown}
Potions
 b - a potion of magic
 d - a potion of cancellation {unknown}
 k - a potion of brilliance {unknown}
 m - a potion of degeneration {unknown}
 n - a potion of mutation {unknown}
 p - 2 potions of heal wounds {unknown}
 r - a potion of lignification {unknown}
 w - a potion of attraction {unknown}


   Skills:
 - Level 1.7 Dodging
 - Level 1.7 Stealth
 + Level 5.1 Spellcasting
 + Level 6.4 Conjurations
 + Level 1.5 Translocations


You had 9 spell levels left.
You knew the following spells:

 Your Spells              Type           Power      Damage    Failure   Level
a - Magic Dart            Conj           100%       1d8       1%          1
b - Searing Ray           Conj           86%        2d7       2%          2
c - Iskenderun's Mystic   Conj/Tloc      29%        2d7       36%         4

Your spell library contained the following spells:

 Spells                   Type           Power      Damage    Failure   Level
 Apportation              Tloc           30%        N/A       11%         1
 Dazzling Flash           Conj/Hex       50%        N/A       16%         3
 Beastly Appendage        Tmut           14%        N/A       21%         1
 Necrotise                Necr           28%        1d5       21%         1
 Summon Small Mammal      Summ           28%        N/A       21%         1
 Wereblood                Tmut           7%         N/A       30%         2
 Fulminant Prism          Conj/Hex       12%        3d8       47%         4
 Spider Form              Tmut/Pois      7%         N/A       52%         3


Dungeon Overview and Level Annotations

Branches:
Dungeon (5/15)
 Temple: D:4-7


Innate Abilities, Weirdness & Mutations

You have an increased reservoir of magic. (+10% MP)
You shall have no god before yourself.
Your divine heritage dramatically boosts your attributes as you level up.


Message History

The centaur shoots an arrow.
The arrow completely misses you.
You now have 16/18 mp.
Unknown command.
Casting: Searing Ray (safe; 2% risk of failure)
Confirm with . or Enter, or press ? or * to list all spells.
Restarting spell: Searing Ray (safe; 2% risk of failure)
Press: ? - help, Shift-Dir - straight line, f - centaur
Aim: a centaur, wielding a +0 shortbow (89% to hit)
The searing ray hits the centaur!
The centaur is moderately wounded. (Press . to maintain the ray.)
The centaur shoots an arrow.
The arrow hits you.
The centaur shoots an arrow.
The arrow hits you!
You take 12 damage, and have 38/50 hp.
MASSIVE DAMAGE!!
You now have 14/18 mp.
The searing ray hits the centaur.
The centaur is heavily wounded.
The centaur shoots an arrow.
The arrow hits you! The iguana bites you!
* * * LOW HITPOINT WARNING * * *
You take 23 damage, and have 15/50 hp.
MASSIVE DAMAGE!!
You now have 13/18 mp.
The searing ray misses the centaur.
The centaur shoots an arrow.
The arrow closely misses you.
The centaur shoots an arrow.
The arrow barely misses you. The iguana bites you.
* * * LOW HITPOINT WARNING * * *
You take 5 damage, and have 10/50 hp.
You now have 12/18 mp.
Unknown command.
You feel better.
The centaur shoots an arrow.
The arrow barely misses you. The iguana bites you.
* * * LOW HITPOINT WARNING * * *
You regained 7 hp, and now have 17/50 hp.
The iguana attacks as you move away! The iguana bites you!
* * * LOW HITPOINT WARNING * * *
The centaur shoots an arrow.
The arrow hits you.
* * * LOW HITPOINT WARNING * * *
You take 12 damage, and have 5/50 hp.
MASSIVE DAMAGE!!
You feel better.
The centaur shoots an arrow.
The arrow barely misses you. The iguana bites you!
* * * LOW HITPOINT WARNING * * *
You regained 4 hp, and now have 9/50 hp.
The iguana attacks as you move away! The iguana bites you!
You die...

....# ..... #
.....###. ......#..
........#
........##
........c##
..........##
.........l@##
............#
............#
...([.......#
...)........#
............#
..................#
..................#
..................#


You could see a centaur and an iguana.

Vanquished Creatures
  A black bear (D:4)
  A phantom (D:5)
  4 scorpions
  A howler monkey (D:4)
  2 jellies (D:3)
  An orc priest (D:3)
  A gnoll bouda (D:4)
  An orc wizard (D:3)
  7 gnolls (D:4)
  3 adders
  2 ufetubi
  A worm (D:5)
  4 dart slugs (D:1)
  5 orcs
  9 endoplasms
  6 giant cockroaches
  5 goblins
  7 hobgoblins
  8 jackals
  4 quokkas
  5 ball pythons
  2 bats (D:1)
  4 frilled lizards
  7 kobolds
  4 rats
95 creatures vanquished.

Notes
Turn   | Place    | Note
-------+----------+-------------------------------------------
     0 | D:1      | spardeous the Demigod Conjurer began the quest for the Orb.
     0 | D:1      | Reached XP level 1. HP: 14/14 MP: 5/5
   403 | D:1      | Reached XP level 2. HP: 20/20 MP: 2/7
   550 | D:1      | Reached skill level 4 in Conjurations
  1010 | D:1      | Reached XP level 3. HP: 26/26 MP: 5/9
  1367 | D:2      | Learned a level 2 spell: Searing Ray
  2735 | D:3      | Reached XP level 4. HP: 18/33 MP: 3/11
  2897 | D:3      | Reached XP level 5. HP: 38/38 MP: 6/13
  3363 | D:4      | Noticed a black bear
  3372 | D:4      | Killed a black bear
  3373 | D:4      | Reached skill level 5 in Conjurations
  3509 | D:4      | Reached XP level 6. HP: 5/45 MP: 2/15
  4162 | D:4      | Reached skill level 6 in Conjurations
  4304 | D:4      | Learned a level 4 spell: Iskenderun's Mystic Blast
  4626 | D:5      | Entered Level 5 of the Dungeon
  4953 | D:5      | Reached XP level 7. HP: 50/50 MP: 9/17
  5128 | D:5      | Reached skill level 5 in Spellcasting
  5128 | D:5      | Reached skill level 1 in Translocations
  5265 | D:5      | Slain by an iguana

Illustrated notes

Levels and vault maps discovered:
D:1:      giann_forest_graveyard, layout_loops_cross, serial_glass,
          glass_columns_c, glass_columns_a
D:2:      layout_loops_ring, shapermc_ecumenical_altar_mp_ritualfount,
          roderic_lattice_a
D:3:      layout_loops_ring
D:4:      layout_rooms, xom_redecorated, nicolae_overflow_hidden_temple
D:5:      layout_layer_cave, grunt_gozag_statues, mainiacjoe_overflow_alcove_2

Skill      XL: |  1  2  3  4  5  6  7 |
---------------+----------------------+-----
Spellcasting   | 2 3 4 5 |  5.1
Conjurations   | 4 5 6 |  6.4
Translocations | 1 |  1.5
Dodging        | |  1.7
Stealth        | |  1.7

Action                     |  1- 3 |  4- 6 |  7- 9 || total
---------------------------+-------+-------+-------++-------
  Melee: Unarmed           |    28 |       |       ||    28
         Punch             |     1 |       |       ||     1
   Cast: Magic Dart        |   125 |    55 |     9 ||   189
         Searing Ray       |     1 |    20 |     5 ||    26
    Use: Potion            |       |     1 |     2 ||     3
 Armour: Robe              |    18 |       |       ||    18
         Ring mail         |     8 |    26 |     2 ||    36
  Dodge: Dodged            |    65 |    34 |    14 ||   113
